woodfighter, chaotic female elven Priestess ---------------- |............... |..............| |<.............| ------|--------- # # # ### # ### # --|--- |.....#####----- |..*.| #.[@.| |....+ |fq.| |....| -....# ------ ----- woodfighter the Acolyte Experience level: 5 Strength: 12 Dexterity: 10 Constitution: 15 Intelligence: 20 Wisdom: 8 Charisma: 11 Health: 0(36) Energy: 53(53) Def: 5 Gold: 660 Moves: 2737 Dungeon seed: KZhztdQQfMhVliN8 Game ID: woodfighter_1534277738 Your Inventory: Coins $ - 660 gold pieces Amulets m - an amulet versus poison Weapons a - a blessed +3 mace (weapon in hand) Armor e - a +0 robe (being worn) n - a +0 small shield (being worn) q - a +1 dwarvish cloak y - a blessed +1 orcish helm (being worn) z - a +0 orcish helm Comestibles c - a clove of garlic d - 2 sprigs of wolfsbane k - a lembas wafer s - 2 magic beans I - a tripe ration L - 2 lichen corpses P - a tin of newt meat Scrolls v - a scroll of gold detection w - a blessed scroll of identify C - 2 scrolls of identify J - a scroll of enchant armor M - a scroll of scare monster O - a scroll of identify U - a scroll of destroy armor V - a scroll of confuse monster Y - a scroll of teleportation Z - 2 scrolls of blank paper Spellbooks g - a spellbook of create monster i - a spellbook of protection t - a spellbook of light Potions b - 3 potions of holy water l - a potion of gain energy o - a blessed potion of restore ability p - a potion of healing r - a potion of fruit juice K - a potion of unholy water R - a potion of sleeping T - a blessed potion of fruit juice Wands f - a wand of cancellation (0:1) N - a wand of striking (0:4) S - a wand of enlightenment (0:12) X - a wand of fire (0:4) Tools j - a wooden harp W - a towel Spells and supernatural/magical abilities: Name Level Category Fail Memory n - detect monsters 1 divination 0% 87% p - protection 1 clerical 0% 87% O - create monster 2 clerical 0% 87% W - pray for help -- divine ? -- X - turn undead -- divine ? -- Your skills at the end: Miscellaneous Skills shield [Basic] wands [Basic] Weapon Skills mace [Basic] Spellcasting Skills clerical spells [Basic] Final Attributes: You were piously aligned. You were sleep resistant. Your writing hand was ok. You had infravision. You were stealthy. You are dead. Vanquished creatures: a small mimic a wolf a gnome lord a gray ooze a paper golem a puppy a dwarf 7 hill orcs 3 rothes a jitterbug an orc zombie a werejackal a hobbit 2 large kobolds a gecko a hobgoblin a giant rat a brown mold a yellow mold a green mold 2 gnomes 2 manes 6 jackals 2 kobolds 4 newts a goblin a sewer rat 4 grid bugs 3 lichens 2 kobold zombies 56 creatures vanquished. Voluntary challenges: You did not adorn yourself with jewelry or accessories. You did not cause conflict. You were not invisible. You did not have reflection. You were not displaced. You were an atheist. You used a wielded weapon 80 times, starting on turn 36. You did not use tools. You did not use plumbed fixtures. You did not drink any magical draughts. You read items or engraved 2 times, starting on turn 1024. You never genocided any monsters. You never polymorphed an object. You never changed form. You used no wishes. You never split a pudding. You never wrote Elbereth's name. You never violated your personal moral code. Dungeon overview: The Dungeons of Doom: levels 1 to 7 Level 1 an altar to Manannan Mac Lir a long staircase Level 2 an armor shop, a fountain, a sink stairs to The Gnomish Mines Level 3 a scroll shop, an altar to Lugh, a fountain Level 4 a general store Level 5 Level 6 a general store, an altar to Manannan Mac Lir, some fountains Level 7 <- You were here The Gnomish Mines: Level 3 stairs to The Dungeons of Doom History has recorded: On T:1 you entered the Dungeons of Doom to retrieve the Amulet of Yendor! On T:58 you reached level 2 of The Dungeons of Doom. On T:349 you reached level 1 of The Gnomish Mines. On T:584 you reached level 3 of The Dungeons of Doom. On T:685 you advanced to experience level 2. On T:722 you reached level 4 of The Dungeons of Doom. On T:986 you advanced to experience level 3. On T:1176 you advanced to experience level 4. On T:1646 you reached level 5 of The Dungeons of Doom. On T:1789 you reached level 6 of The Dungeons of Doom. On T:1903 you advanced to experience level 5. On T:2293 you reached level 7 of The Dungeons of Doom. Score breakdown: Gold: 660 ( 66 points) Experience: 5 levels ( 400 points) Exploration: 7 levels ( 180 points) Discoveries: 22 items ( 1100 points) Variety of kills: 30 monsters ( 1500 points) Major goal: (nothing yet) ( 0 points) Survival: died (score multiplied by 3) Total score: 9738 Latest messages: s - 2 magic beans. You stop exploring. The wolf bites! You hit the wolf! The wolf bites! You hit the wolf! The wolf bites! You hit the wolf! The wolf bites! You hit the wolf! The wolf bites! You kill the wolf! Suddenly, the yellow light disappears out of sight. You hear some noises. Suddenly, the rothe disappears out of sight. You see here a bronze plate mail. Kitty misses the rothe. (2x) The rothe shudders for a moment. Kitty misses the rothe. The rothe misses. The rothe bites! (2x) Kitty misses the rothe. You hit the rothe! Kitty misses the rothe. The rothe claws you! The rothe bites! (2x) You die... Final status: Goodbye woodfighter the Priestess, killed by a rothe... You died in The Dungeons of Doom on dungeon level 7 with 9738 points, and 660 pieces of gold, after 2737 moves. You were level 5 with a maximum of 36 hit points when you died.